 Dungeon Crawl Stone Soup version 0.26-a0-651-gb41185065b (webtiles) character file.

Game seed: 11460224650934096874

327 vurker the Sneak (level 6, -4/44 HPs)
             Began as a Gnoll Enchanter on Oct 19, 2020.
             Was a Follower of Cheibriados.
             Slain by an ogre
             ... wielding a +0 giant spiked club
              (9 damage)
             ... on level 4 of the Dungeon.
             The game lasted 00:04:58 (4606 turns).

vurker the Sneak (Gnoll Enchanter)                  Turns: 4606, Time: 00:04:58

Health: -4/44      AC:  8    Str: 12    XL:     6   Next: 50%
Magic:  11/14      EV: 10    Int: 21    God:    Cheibriados [*.....]
Gold:   228        SH:  9    Dex: 24    Spells: 14/15 levels left

rFire    . . .     SeeInvis .   a - +1 dagger
rCold    . . .     Faith    .   s - +0 kite shield
rNeg     + . .     Spirit   .   j - +0 scale mail {rN+}
rPois    .         Reflect  .   (no helmet)
rElec    .         Harm     .   (no cloak)
rCorr    .         Rampage  .   k - +1 pair of gloves
MR       .....                  (no boots)
Stlth    +++.......             (no amulet)
HPRegen  0.14/turn              q - +6 ring of dexterity
MPRegen  0.14/turn              (no ring)

@: very slow
A: distributed training, fangs 1, strong nose
a: Bend Time, Renounce Religion


You were on level 4 of the Dungeon.
You worshipped Cheibriados.
Cheibriados was aware of your devotion.
You visited 1 branch of the dungeon, and saw 4 of its levels.

You collected 228 gold pieces.

Inventory:

Hand Weapons
 a - a +1 dagger (weapon)
Armour
 j - a +0 scale mail of positive energy (worn)
   (You found it on level 2 of the Dungeon)
 k - a +1 pair of gloves (worn)
   (You found it on level 2 of the Dungeon)
 s - a +0 kite shield (worn)
   (You found it on level 4 of the Dungeon)
Jewellery
 q - a +6 ring of dexterity (left hand)
   (You found it on level 4 of the Dungeon)
Scrolls
 c - 5 scrolls of identify {unknown}
 e - a scroll of enchant armour {unknown}
 g - a scroll of magic mapping {unknown}
 h - 4 scrolls of remove curse {unknown}
 i - 3 scrolls of fear {unknown}
 l - 3 scrolls of amnesia {unknown}
 n - a scroll of teleportation {unknown}
 o - a scroll of enchant weapon {unknown}
 r - 2 scrolls of blinking {unknown}
Potions
 b - a potion of ambrosia {unknown}
 d - a potion of heal wounds {unknown}
 f - a potion of lignification {unknown}
 m - a potion of might {unknown}
 p - a potion of berserk rage {unknown}


   Skills:
 + Level 2.0 Fighting
 + Level 3.2 Short Blades
 + Level 2.0 Long Blades
 + Level 2.0 Axes
 + Level 2.0 Maces & Flails
 + Level 2.0 Polearms
 + Level 2.0 Staves
 + Level 2.0 Slings
 + Level 2.0 Bows
 + Level 2.0 Crossbows
 + Level 2.0 Throwing
 + Level 2.0 Armour
 + Level 5.0 Dodging
 + Level 6.3 Stealth
 + Level 2.0 Shields
 + Level 2.0 Unarmed Combat
 + Level 5.4 Spellcasting
 + Level 1.5 Conjurations
 + Level 5.6 Hexes
 + Level 1.5 Summonings
 + Level 1.5 Necromancy
 + Level 1.5 Translocations
 + Level 1.5 Transmutations
 + Level 1.5 Fire Magic
 + Level 1.5 Ice Magic
 + Level 1.5 Air Magic
 + Level 1.5 Earth Magic
 + Level 1.5 Poison Magic
 + Level 2.2 Invocations
 + Level 2.0 Evocations


You had 14 spell levels left.
You knew the following spells:

 Your Spells              Type           Power        Failure   Level
a - Corona                Hex            ####...      28%         1

Your spell library contained the following spells:

 Spells                   Type           Power        Failure   Level
 Confusing Touch          Hex            ####....     63%         3
 Tukima's Dance           Hex            ####....     63%         3
 Ensorcelled Hibernation  Hex/Ice        ###...       69%         2
 Dazzling Flash           Conj/Hex       ###...       89%         3


Dungeon Overview and Level Annotations

Branches:
Dungeon (4/15)
 Temple: D:4-7

Altars:
Ashenzari
Cheibriados
Dithmenos
Trog
Uskayaw


Innate Abilities, Weirdness & Mutations

Your experience applies equally to all skills.
You have very sharp teeth.
Your uncanny sense of smell can sniff out nearby items.


Message History

Your Slings skill increases to level 2!
Your Bows skill increases to level 2!
Your Crossbows skill increases to level 2!
Your Throwing skill increases to level 2!
Your Armour skill increases to level 2!
Your Shields skill increases to level 2!
Your Unarmed Combat skill increases to level 2!
Your Evocations skill increases to level 2!
Unknown command.
Unknown command.
Unknown command.
You see here a quarterstaff.
You now have 197 gold pieces (gained 12).
Found 2 large rocks.
Found a hide-covered altar of Uskayaw.
Found 14 gold pieces.
There is a hide-covered altar of Uskayaw here.
You now have 211 gold pieces (gained 14).
Found 6 gold pieces.
You now have 217 gold pieces (gained 6).
Found a stone staircase leading up.
Found 11 gold pieces, a scroll labeled SEOGUO UMUIRA and a quarterstaff.
You now have 228 gold pieces (gained 11).
c - 5 scrolls labeled SEOGUO UMUIRA (gained 1)
You see here a quarterstaff.
Found a broken altar of Ashenzari.
Found an embroidered robe.
An ogre comes into view. It is wielding a +0 giant spiked club.
The ogre shouts!
You aren't carrying any items that you can evoke.
Quiver which item? (- for none, * to show all) (? for menu, Esc to quit)
Okay, then.
You hit the ogre but do no damage. You hit the ogre.
The ogre hits you with a +0 giant spiked club!
You hit the ogre. You block the ogre's attack.
You completely miss the ogre. You hit the ogre but do no damage.
You block the ogre's attack.
Okay, then.
You hit the ogre.
The ogre hits you with a +0 giant spiked club!!
Ouch! That really hurt!
* * * LOW HITPOINT WARNING * * *
The flow of time bends around you.
Cheibriados rebukes the ogre.
The ogre seems to slow down.
You hit the ogre. You bite the ogre, but do no damage. You hit the ogre.
Your bite misses the ogre.
The ogre hits you with a +0 giant spiked club!
You die...

####### ###.....###
#.......[.# #.........##
#.## ....###....# #...
....#_#.O..# #####.##
....#+#..@.########.....#
### #####..)..........#
#########.##### #.# #.#
#### #.# #...
######.###.##
..............
.#############


You could see an ogre (slow).

Vanquished Creatures
  A howler monkey (D:3)
  2 hounds (D:4)
  A centaur skeleton (D:4)
  A worker ant (D:3)
  8 adders
  3 oozes
  2 worms
  3 dart slugs
  2 leopard geckos
  A ball python (D:1)
  A giant cockroach (D:3)
  7 goblins
  6 hobgoblins
  9 jackals
  2 quokkas (D:2)
  15 bats
  5 frilled lizards
  6 kobolds
  10 rats
85 creatures vanquished.

Notes
Turn   | Place    | Note
-------+----------+-------------------------------------------
     0 | D:1      | vurker the Gnoll Enchanter began the quest for the Orb.
     0 | D:1      | Reached XP level 1. HP: 13/13 MP: 6/6
   182 | D:1      | Reached XP level 2. HP: 20/20 MP: 7/7
   300 | D:1      | Reached XP level 3. HP: 9/25 MP: 9/9
   570 | D:1      | Reached skill level 5 in Spellcasting
   665 | D:1      | Reached skill level 6 in Stealth
   779 | D:1      | Reached skill level 1 in Invocations
  1064 | D:2      | Reached skill level 1 in Fighting
  1064 | D:2      | Reached skill level 1 in Long Blades
  1064 | D:2      | Reached skill level 1 in Axes
  1064 | D:2      | Reached skill level 1 in Maces & Flails
  1064 | D:2      | Reached skill level 1 in Polearms
  1064 | D:2      | Reached skill level 1 in Staves
  1064 | D:2      | Reached skill level 1 in Slings
  1064 | D:2      | Reached skill level 1 in Bows
  1064 | D:2      | Reached skill level 1 in Crossbows
  1064 | D:2      | Reached skill level 1 in Throwing
  1064 | D:2      | Reached skill level 1 in Armour
  1064 | D:2      | Reached skill level 1 in Shields
  1064 | D:2      | Reached skill level 1 in Unarmed Combat
  1064 | D:2      | Reached skill level 1 in Evocations
  1224 | D:1      | Reached XP level 4. HP: 13/32 MP: 11/11
  1888 | D:2      | Found a bloodstained altar of Trog.
  2020 | D:2      | Reached skill level 1 in Conjurations
  2020 | D:2      | Reached skill level 1 in Summonings
  2020 | D:2      | Reached skill level 1 in Necromancy
  2020 | D:2      | Reached skill level 1 in Translocations
  2020 | D:2      | Reached skill level 1 in Transmutations
  2020 | D:2      | Reached skill level 1 in Fire Magic
  2020 | D:2      | Reached skill level 1 in Ice Magic
  2020 | D:2      | Reached skill level 1 in Air Magic
  2020 | D:2      | Reached skill level 1 in Earth Magic
  2020 | D:2      | Reached skill level 1 in Poison Magic
  2052 | D:2      | Found a faded altar of an unknown god.
  2393 | D:2      | Reached XP level 5. HP: 27/37 MP: 12/12
  2546 | D:2      | Found a shadowy altar of Dithmenos.
  2546 | D:2      | Found a snail-covered altar of Cheibriados.
  2687 | D:2      | Became a worshipper of Cheibriados the Contemplative
  3899 | D:3      | Reached XP level 6. HP: 30/44 MP: 13/13
  4111 | D:3      | Reached * piety under Cheibriados
  4374 | D:4      | Reached skill level 5 in Dodging
  4483 | D:4      | Noticed a +0 hand axe
  4483 | D:4      | Noticed a +0 dagger
  4486 | D:4      | Found a hide-covered altar of Uskayaw.
  4588 | D:4      | Found a broken altar of Ashenzari.
  4606 | D:4      | Slain by an ogre

Illustrated notes

Levels and vault maps discovered:
D:1:      wander_arrival_peaceful_grave, layout_loops_corners,
          minmay_hexomino_p4
D:2:      layout_rooms, gammafunk_temple_overflow_elements,
          chequers_ecumenical_altar_simple_redux, st_stairs_11,
          grunt_decor_one_mirror, chequers_serial_rivers_micro_e,
          lemuel_altar_in_water
D:3:      layout_rooms, supply_closet_lemuel, nrook_mini_vaults,
          patterned_corridor
D:4:      layout_loops_ring, ashenzari_conservatory_becter,
          dancing_weapons_uskayaw, minmay_strange_pillars

Skill      XL: |  1  2  3  4  5  6 |
---------------+-------------------+-----
Spellcasting   | 5 |  5.4
Stealth        | 6 |  6.3
Invocations    | 1 2 |  2.2
Fighting       | 1 2 |  2.0
Long Blades    | 1 2 |  2.0
Axes           | 1 2 |  2.0
Maces & Flails | 1 2 |  2.0
Polearms       | 1 2 |  2.0
Staves         | 1 2 |  2.0
Slings         | 1 2 |  2.0
Bows           | 1 2 |  2.0
Crossbows      | 1 2 |  2.0
Throwing       | 1 2 |  2.0
Armour         | 1 2 |  2.0
Shields        | 1 2 |  2.0
Unarmed Combat | 1 2 |  2.0
Evocations     | 1 2 |  2.0
Conjurations   | 1 |  1.5
Summonings     | 1 |  1.5
Necromancy     | 1 |  1.5
Translocations | 1 |  1.5
Transmutations | 1 |  1.5
Fire Magic     | 1 |  1.5
Ice Magic      | 1 |  1.5
Air Magic      | 1 |  1.5
Earth Magic    | 1 |  1.5
Poison Magic   | 1 |  1.5
Short Blades   | 3 |  3.2
Dodging        | 5 |  5.0
Hexes          | |  5.6

Action                   |  1- 3 |  4- 6 || total
-------------------------+-------+-------++-------
Melee: Dagger            |   115 |   287 ||   402
       Bite              |     6 |    34 ||    40
       Punch             |       |     1 ||     1
Invok: Bend Time         |       |     1 ||     1
  Use: Potion            |       |     1 ||     1
 Stab: Sleeping          |    15 |    12 ||    27
Armor: Robe              |     4 |       ||     4
       Scale mail        |    58 |   108 ||   166
Dodge: Dodged            |    64 |   158 ||   222
Block: Kite shield       |       |     2 ||     2

Table legend: (Time is in decaauts)
 A = Elapsed time spent in this place.
 B = Non-inter-level travel time spent in this place.
 C = Inter-level travel time spent in this place.
 D = Time resting spent in this place.
 E = Time spent auto-exploring this place.
 F = Levels seen in this place.
 G = Mean time per level.
                   A        B        C        D        E       F      G
               +--------+--------+--------+--------+--------+-----+--------+
         Total |   4813 |   4615 |    198 |    656 |   3141 |   4 | 1203.2 |
       Dungeon |   4813 |   4615 |    198 |    656 |   3141 |   4 | 1203.2 |
               +--------+--------+--------+--------+--------+-----+--------+

Top non-repeatable levels by time:
     D:2: 1590 daAuts
     D:1: 1421 daAuts
     D:3: 1314 daAuts
     D:4: 487 daAuts
